AoeStats
← ramon_beas21

Four Lakes

510191201Analyzed
1v1 RM · 2d ago on Sep 29, 2026· 83m 15s· 2 players
Game mode
Random Map
Map size
Tiny (2 player)
Population
200
Speed
Normal
Resources
Standard
Victory
Conquest
Starting age
Dark Age
Ending age
Imperial Age
RankedLock teamsTeams togetherTeam positionsShared explorationLock speedFull tech treeHidden civsTurbo modeCheats
Victory
Defeat
🇲🇽 Tatars · Mexico
468
+17
🇪🇸 Britons · Spain
484
-17
pablocxp23
7:49 Loom
12:21 Feudal Age
13:52 Horse Collar
13:59 Double-Bit Axe
18:50 Castle Age
17:29 Wheelbarrow
17:10 Stone Mining
19:48 Bow Saw
19:43 Heavy Plow
22:33 Hand Cart
24:04 Pikeman
24:44 Squires
24:31 Arson
26:11 Husbandry
26:24 Bloodlines
25:59 Treadmill Crane
25:42 Elite Skirmisher
26:46 Padded Archer Armor
27:47 Scale Barding Armor
28:25 Fletching
28:38 Scale Mail Armor
28:51 Forging
30:05 Leather Archer Armor
29:52 Scale Mail Armor
31:03 Town Watch
32:32 Silk Armor
32:39 Husbandry
34:57 Gold Mining
37:48 Imperial Age
36:37 Town Patrol
38:49 Iron Casting
38:35 Chain Barding Armor
38:11 Bodkin Arrow
40:22 Conscription
41:45 Chemistry
41:05 Ballistics
40:41 Murder Holes
41:22 Halberdier
45:21 Elite Keshik
46:51 Timurid Siegecraft
47:52 Gold Shaft Mining
47:58 Crop Rotation
47:28 Elite Keshik
49:15 Bracer
50:19 Blast Furnace
50:01 Onager
51:11 Light Cavalry
59:12 Hussar
64:07 Heavy Camel Rider
ramon_beas21
0:29 Loom
11:55 Feudal Age
12:46 Horse Collar
15:12 Man-at-Arms
21:44 Castle Age
20:19 Arson
23:43 Crossbowman
27:15 Yeomen
28:28 Pikeman
33:48 Imperial Age
32:29 Fortified Wall
34:42 Ballistics
35:08 Halberdier
36:15 Double-Bit Axe
37:42 Elite Longbowman
38:43 Padded Archer Armor
38:34 Fletching
44:39 Leather Archer Armor
44:37 Forging
47:00 Ring Archer Armor
46:26 Bodkin Arrow
47:08 Iron Casting
48:56 Chemistry
Connection lost

Rejoining the realm…

Still unreachable

The connection could not be restored.

Session expired

The server has moved on; the page needs a fresh start.